 Dungeon Crawl Stone Soup version 0.25.1-9-gc5326a611f (webtiles) character file.

Game seed: 955775592106701721

998 Clowwww the Chopper (level 8, 18/60 HPs)
             Began as a Demonspawn Fighter on Jan 3, 2021.
             Quit the game on level 6 of the Dungeon.
             The game lasted 00:08:49 (4583 turns).

Clowwww the Chopper (Demonspawn Fighter)            Turns: 4583, Time: 00:08:50

Health: 18/60      AC: 13    Str: 25    XL:     8   Next: 0%
Magic:  2/8        EV:  9    Int:  9    God:
Gold:   287        SH: 15    Dex: 15    Spells: 7/7 levels left

rFire    . . .     SeeInvis .   a - +1 war axe
rCold    . . .     Gourm    .   c - +0 kite shield
rNeg     + . .     Faith    .   b - +4 scale mail
rPois    .         Spirit   +   (helmet restricted)
rElec    .         Reflect  +   y - +0 cloak
rCorr    .         Harm     .   (no gloves)
MR       .....                  q - +0 pair of boots
Stlth    +.........             l - amulet of reflection
HPRegen  0.20/turn              e - ring of positive energy
MPRegen  0.11/turn              i - +6 ring of strength

@: no status effects
A: antennae 1, thin skeletal structure 1, magic shield
a: no special abilities


You were on level 6 of the Dungeon.
You were not hungry.

You visited 1 branch of the dungeon, and saw 6 of its levels.

You collected 287 gold pieces.

Inventory:

Hand Weapons
 a - a +1 war axe (weapon)
Armour
 b - a +4 scale mail (worn)
 c - a +0 kite shield (worn)
 q - a +0 pair of boots (worn)
 y - a +0 cloak (worn)
Jewellery
 e - a ring of positive energy (left hand)
 h - an uncursed ring of fire
 i - a +6 ring of strength (right hand)
 l - an amulet of reflection (around neck)
 m - an uncursed ring of magical power {unknown}
Wands
 u - a wand of disintegration (8)
 C - a wand of flame (22)
 D - a wand of random effects (22)
Scrolls
 n - 3 scrolls of identify
 v - a scroll of noise
 z - a scroll of fog
 B - a scroll of teleportation
Potions
 d - 2 potions of might
 g - a potion of cancellation {unknown}
 j - a potion of lignification
 k - a potion of heal wounds {unknown}
 o - 5 potions of curing
 p - a potion of invisibility {unknown}
 r - a potion of haste {unknown}
 s - a potion of magic {unknown}
 t - a potion of stabbing {unknown}
 w - a potion of degeneration {unknown}
 x - a potion of mutation {unknown}
Comestibles
 f - 10 rations
 A - 3 chunks of flesh


   Skills:
 + Level 3.8 Fighting
 * Level 6.5 Axes
 + Level 4.0 Armour
 + Level 1.9 Dodging
 + Level 0.2 Stealth
 + Level 4.3 Shields


You had 7 spell levels left.
You didn't know any spells.
Your spell library was empty.

Dungeon Overview and Level Annotations

Branches:
Dungeon (6/15)             Temple (0/1) D:5

Altars:
Sif Muna
The Shining One


Innate Abilities, Weirdness & Mutations

You have a pair of small antennae on your head.
You have a somewhat thin skeletal structure. (Dex +2, Stealth)
When hurt, damage is shared between your health and your magic reserves.


Message History

You block the worker ant zombie's attack.
Your shield and scale mail prevent you from hitting the worker ant zombie.
The worker ant zombie is moderately damaged.
The worker ant zombie misses you.
You hit the worker ant zombie.
The worker ant zombie is severely damaged.
The worker ant zombie bites you.
You hit the worker ant zombie.
The worker ant zombie is severely damaged.
The worker ant zombie bites you.
The worker ant zombie bites you but does no damage.
You hit the worker ant zombie.
The worker ant zombie is severely damaged.
The worker ant zombie bites you but does no damage.
You slash the worker ant zombie!
You destroy the worker ant zombie!
You have reached level 8!
You feel agile.
Your demonic ancestry asserts itself...
A pair of antennae grows on your head!
Are you sure you want to abandon this character and quit the game? (Confirm with "yes".)

........####.....#.####
........####.....#.#
........รท........<..
........####..####.#
..............# .#
#.............# #
###########.#.# #.#.#
#@#.# #[#.# #.# #.# #.#
... ###


There were no monsters in sight!

Vanquished Creatures
  An orc warrior (D:6)
  An ice beast (D:5)
  2 phantoms
  Blork the orc (D:4)
  A howler monkey (D:5)
  A crimson imp (D:5)
  3 hounds
  An orc priest (D:5)
  Crazy Yiuf (D:4)
  2 orc wizards (D:5)
  3 worker ants (D:4)
  Robin (D:4)
  A worker ant zombie (D:6)
  10 adders
  A river rat (D:5)
  3 worms
  2 dart slugs
  4 leopard geckos
  17 orcs
  A ball python (D:5)
  5 bats
  2 giant cockroaches (D:5)
  15 goblins
  8 hobgoblins
  3 frilled lizards
  8 kobolds
  A leopard gecko zombie (D:5)
  9 rats
108 creatures vanquished.

Notes
Turn   | Place    | Note
-------+----------+-------------------------------------------
     0 | D:1      | Clowwww the Demonspawn Fighter began the quest for the Orb.
     0 | D:1      | Reached XP level 1. HP: 18/18 MP: 1/1
   154 | D:1      | Gained mutation: When hurt, damage is shared between your
                  | health and your magic reserves. [demonic ancestry]
   154 | D:1      | Reached XP level 2. HP: 14/24 MP: 2/2
   307 | D:1      | Reached skill level 2 in Axes
  1211 | D:2      | Reached XP level 3. HP: 29/29 MP: 3/3
  1861 | D:3      | Found a glowing golden altar of the Shining One.
  2138 | D:3      | Reached skill level 3 in Axes
  2138 | D:3      | Gained mutation: You have a somewhat thin skeletal
                  | structure. (Dex +2, Stealth) [demonic ancestry]
  2138 | D:3      | Reached XP level 4. HP: 29/35 MP: 4/4
  2441 | D:4      | Noticed Blork the orc
  2446 | D:4      | Noticed a phantom
  2449 | D:4      | Killed Blork the orc
  2449 | D:4      | Reached XP level 5. HP: 38/41 MP: 5/5
  2470 | D:4      | Killed a phantom
  2470 | D:4      | Reached skill level 4 in Axes
  2470 | D:4      | Reached skill level 1 in Dodging
  2567 | D:4      | Reached XP level 6. HP: 47/47 MP: 6/6
  2706 | D:4      | Found a shimmering blue altar of Sif Muna.
  2727 | D:4      | Noticed Robin
  2739 | D:4      | Killed Robin
  3089 | D:4      | Found a runed translucent door.
  3090 | D:4      | Noticed Crazy Yiuf
  3097 | D:4      | Killed Crazy Yiuf
  3153 | D:5      | Entered Level 5 of the Dungeon
  3196 | D:5      | Found a staircase to the Ecumenical Temple.
  3237 | D:5      | Reached skill level 5 in Axes
  3251 | D:5      | Noticed an ice beast
  3295 | D:5      | Killed an ice beast
  3295 | D:5      | Reached XP level 7. HP: 26/52 MP: 3/7
  4202 | D:5      | Reached skill level 6 in Axes
  4582 | D:6      | Gained mutation: You have a pair of small antennae on your
                  | head. [demonic ancestry]
  4582 | D:6      | Reached XP level 8. HP: 18/60 MP: 2/8
  4583 | D:6      | Quit the game

Illustrated notes

Levels and vault maps discovered:
D:1:      eino_arrival_water_star, layout_basic
D:2:      layout_basic
D:3:      layout_rooms, tso_oasis_becter
D:4:      layout_cave_pools, kennysheep_little_box, first_ration,
          uniq_blork_the_orc, uniq_robin, uniq_crazy_yiuf_cottage
D:5:      minmay_general_purpose_star, layout_basic,
          minmay_temple_entry_mini_moons, portal_sewer_entry_e
D:6:      layout_basic

Skill      XL: |  1  2  3  4  5  6  7 |
---------------+----------------------+-----
Axes           | 2 3 4 5 6 |  6.5
Shields        | 3 4 |  4.3
Armour         | 3 4 |  4.0
Dodging        | 1 |  1.9
Fighting       | |  3.8
Stealth        | |  0.2

Action                   |  1- 3 |  4- 6 |  7- 9 || total
-------------------------+-------+-------+-------++-------
Melee: War axe           |   151 |    84 |   115 ||   350
  Use: Potion            |       |     2 |       ||     2
       Scroll            |       |    12 |       ||    12
  Eat: Chunk             |     4 |     3 |     5 ||    12
Armor: Scale mail        |    44 |    42 |    43 ||   129
Dodge: Dodged            |    38 |    22 |    40 ||   100
Block: Kite shield       |   104 |    72 |   103 ||   279
       Reflection        |     4 |       |       ||     4
